Map: Dusk Towers

Players

Predator - Winner!

  • Race: Zerg Zerg

Thilly

  • Race: Zerg Zerg

VOD

Have the link to the VOD?

Description

Time

  • Played on: Nov. 11, 2015, 10:25 p.m.
  • Length: 10:54
Show
View Real Time Build Order
Export as new Build Order

Predator Zerg - Winner!

Build Orders: Hatch First 

Get SALT Encoding   

  12  0:01  Drone  
  13  0:12  Drone  
  14  0:22  Extractor x2  
  14  0:23  Drone x2  
  16  0:49  Hatchery  
  15  0:51  Overlord  
  15  0:59  Extractor  
  15  1:01  Drone, Extractor  
  15  1:11  Spawning Pool  
  15  1:16  Drone  
  15  1:18  Drone  
  16  1:23  Drone  
  17  1:35  Drone  
  18  1:47  Overlord  
  18  1:53  Drone  
  19  1:58  Queen  
  21  2:01  Queen  
  21  2:06  Drone  
  24  2:10  Drone  
  24  2:11  Drone  
  26  2:18  Drone  
  27  2:27  Roach Warren, Drone  
  27  2:31  Drone  
  27  2:36  Drone  
  27  2:37  Drone  
  30  2:44  Drone x2  
  32  2:55  Zergling x4  
  34  3:12  Roach  
  36  3:25  Overlord x2  
  36  3:42  Queen  
  36  3:43  Roach x7  
  52  3:53  Overlord  
  52  3:57  Lair  
  52  3:58  Metabolic Boost  
  52  4:12  Roach  
  52  4:13  Roach  
  52  4:15  Drone  
  52  4:16  Drone x3  
  60  4:26  Overlord  
  60  4:28  Hatchery  
  60  4:30  Spine Crawler  
  58  4:31  Drone x2  
  59  4:44  Drone x3  
  59  4:45  Drone x2  
  64  4:48  Extractor x2  
  64  4:49  Extractor  
  61  5:03  Drone x3  
  62  5:07  Zergling x2  
  62  5:08  Zergling x8  
  67  5:16  Drone  
  67  5:26  Spire  
  67  5:27  Overlord x3  
  66  5:41  Zergling x10  
  71  5:47  Drone x3  
  71  5:48  Drone  
  71  5:49  Extractor  
  74  5:50  Drone x2  
  74  5:51  Extractor  
  75  6:04  Drone  
  75  6:05  Drone x3  
  73  6:14  Drone x5  
  73  6:15  Drone  
  69  6:30  Roach  
  69  6:31  Roach x4  
  78  6:38  Mutalisk  
  78  6:39  Mutalisk x5  
  90  6:58  Mutalisk x2  
  94  7:02  Zergling x2  
  94  7:03  Zergling x6  
  94  7:04  Overlord  
  98  7:12  Queen  
  95  7:18  Zergling x2  
  95  7:19  Zergling x16  
  95  7:33  Drone x3  
  95  7:34  Drone x2  
  96  7:44  Drone x4  
  96  7:45  Drone x4  
  103  7:58  Drone x2  
  105  7:59  Overlord x2  
  105  8:08  Overlord x2  
  99  8:29  Evolution Chamber  
  98  8:46  Hatchery  
  98  8:48  Hatchery, Overlord x2  
  97  8:50  Roach  
  97  8:51  Roach x14  
  97  8:53  Glial Reconstitution  
  126  9:12  Roach  
  126  9:13  Roach x6  
  138  9:17  Drone x2  
  138  9:36  Overlord x2  
  138  9:37  Overlord x2  
  138  9:39  Queen  
  140  9:48  Overlord  
  140  9:49  Overlord x2  
  140  9:51  Overlord x2  
  140  10:02  Spine Crawler x2  
  140  10:03  Spine Crawler  
  140  10:04  Queen  
  139  10:10  Roach  
  139  10:11  Roach x12  
  150  10:32  Roach  
  150  10:33  Roach x14  
Show
View Real Time Build Order
Export as new Build Order

Thilly Zerg 

Build Orders: Hatch First 

Get SALT Encoding   

  12  0:01  Drone  
  13  0:08  Drone  
  14  0:34  Hatchery  
  13  0:41  Drone  
  14  0:43  Extractor  
  14  0:44  Drone  
  14  1:03  Spawning Pool  
  13  1:09  Overlord  
  13  1:13  Drone  
  14  1:28  Drone x2  
  16  1:42  Drone  
  17  1:49  Queen  
  17  1:52  Metabolic Boost  
  19  1:56  Zergling x2  
  19  2:00  Zergling x2  
  21  2:11  Queen  
  21  2:15  Drone  
  24  2:22  Drone x2  
  26  2:30  Overlord  
  26  2:39  Overlord  
  26  2:46  Zergling x4  
  28  3:22  Drone x6  
  28  3:23  Drone  
  28  3:24  Roach Warren  
  34  3:30  Evolution Chamber  
  34  3:31  Evolution Chamber, Drone  
  34  3:33  Drone  
  35  3:56  Zerg Missile Weapons Level 1  
  35  3:57  Lair  
  35  4:04  Drone x6, Extractor  
  35  4:08  Extractor  
  39  4:23  Hatchery  
  40  4:31  Roach x3  
  40  4:33  Overlord  
  43  4:52  Roach x4  
  50  5:10  Roach  
  50  5:12  Overlord x4  
  50  5:26  Glial Reconstitution  
  50  5:28  Overlord x4  
  50  5:32  Roach x4  
  58  5:53  Roach x5  
  68  5:59  Zerg Missile Weapons Level 2  
  62  6:32  Queen  
  64  6:37  Zergling x2  
  64  6:38  Zergling x22  
  76  6:45  Queen  
  78  6:55  Zergling x2  
  78  6:56  Zergling x4  
  81  7:08  Queen  
  83  7:14  Ravager  
  78  7:17  Spore Crawler  
  78  7:19  Spore Crawler  
  47  7:41  Hydralisk Den  
  43  7:44  Drone x6  
  43  7:45  Spore Crawler  
  48  7:56  Drone x2  
  48  8:22  Zergling x14  
  55  8:29  Overlord x3  
  55  8:36  Spore Crawler  
  54  8:45  Hydralisk x3  
  60  8:59  Hydralisk x5  
  69  9:23  Hydralisk  
  69  9:24  Hydralisk x6  
  83  10:01  Hatchery  
  83  10:05  Hydralisk  
  84  10:08  Overlord x4  
  65  10:26  Roach x8  
  65  10:27  Roach x2  
Tags
 
Add a new tag
Caveats
  • Supply blocks, unpowered buildings, or Contaminate may cause inaccurate times.
  • Supply counts are checked every 10 seconds.